 Dungeon Crawl Stone Soup version 0.26-a0-278-g3b0d5afba5 (webtiles) character file.

Game seed: 12445207669639508997

1620 Infinimo the Frost Mage (level 8, -2/51 HPs)
             Began as a Gargoyle Ice Elementalist on July 12, 2020.
             Slain by an orc warrior
             ... wielding a +0 short sword
              (12 damage)
             ... on level 6 of the Dungeon.
             The game lasted 00:12:55 (7649 turns).

Infinimo the Frost Mage (Gargoyle Ice Elementalist) Turns: 7649, Time: 00:12:55

Health: -2/51      AC:  9    Str: 11    XL:     8   Next: 96%
Magic:  16/16      EV: 12    Int: 19    God:
Gold:   209        SH:  0    Dex: 10    Spells: 13/17 levels left

rFire    . . .     SeeInvis .   q - +1 scythe (venom)
rCold    . . .     Faith    .   (shield currently unavailable)
rNeg     + . .     Spirit   .   a - +1 robe
rPois    ∞         Reflect  .   (no helmet)
rElec    +         Harm     .   (no cloak)
rCorr    .                      (no gloves)
MR       .....                  p - +0 pair of boots
Stlth    ++........             (no amulet)
HPRegen  0.17/turn              (no ring)
MPRegen  0.15/turn              (no ring)

@: no status effects
A: negative energy resistance 1, electricity resistance, unbreathing,
petrification resistance, rot immunity, AC +5
a: no special abilities


You were on level 6 of the Dungeon.
You visited 1 branch of the dungeon, and saw 6 of its levels.

You collected 209 gold pieces.

Inventory:

Hand Weapons
 q - a +1 scythe of venom (weapon)
Armour
 a - a +1 robe (worn)
 p - a +0 pair of boots (worn)
Jewellery
 b - an uncursed amulet of regeneration {unknown}
Scrolls
 c - 2 scrolls of amnesia
 d - 10 scrolls of identify
 g - 3 scrolls of teleportation
 k - 4 scrolls of remove curse
 l - 2 scrolls of immolation
 m - a scroll of enchant armour
 o - 2 scrolls of random uselessness
 r - a scroll of magic mapping {unknown}
 t - a scroll of blinking {unknown}
Potions
 e - 2 potions of stabbing
 f - 2 potions of cancellation {unknown}
 h - a potion of degeneration {unknown}
 i - 3 potions of curing
 j - 2 potions of brilliance {unknown}
 n - 2 potions of heal wounds {unknown}
 s - a potion of ambrosia {unknown}


   Skills:
 + Level 5.8 Fighting
 - Level 1.5 Dodging
 - Level 2.1 Stealth
 + Level 5.3 Spellcasting
 * Level 8.8 Ice Magic


You had 13 spell levels left.
You knew the following spells:

 Your Spells              Type           Power        Failure   Level
a - Freeze                Ice            ####         1%          1
b - Frozen Ramparts       Ice            #####.       1%          3

Your spell library contained the following spells:

 Spells                   Type           Power        Failure   Level
 Ozocubu's Armour         Chrm/Ice       ###.....     6%          3
 Hailstorm                Conj/Ice       ###.....     19%         4
 Summon Ice Beast         Ice/Summ       ###.....     19%         4


Dungeon Overview and Level Annotations

Branches:
Dungeon (6/15)
 Temple: D:4-7

Altars:
Cheibriados
Makhleb
Okawaru
Qazlal
Ru
Uskayaw
Vehumet
Xom

Annotations:
D:3 Grinder


Innate Abilities, Weirdness & Mutations

You are resistant to torment.
Your stone body is resilient. (AC +5)
You are immune to poison.
You resist negative energy. (rN+)
You are resistant to electric shocks. (rElec)
You can survive without breathing.
You are immune to petrification.
You are immune to rotting.


Message History

The orc warrior is severely wounded.
An orc priest comes into view.
The orc priest shouts!
The orc warrior looks more healthy.
Attack whom?
Press: ? - help, Dir - move target cursor, f - orc warrior
Aim: an orc warrior, wielding a +0 short sword and wearing a +0 plate armour (almost dead)
The orc warrior is almost dead.
The orc warrior hits you with a +0 short sword!
* * * LOW HITPOINT WARNING * * *
The orc warrior hits you with a +0 short sword.
* * * LOW HITPOINT WARNING * * *
Okay, then.
The orc priest mumbles some strange prayers to Beogh against you.
Beogh smites you!
* * * LOW HITPOINT WARNING * * *
You are too injured to fight recklessly!
It was a potion of curing.
You feel better.
The orc warrior hits you with a +0 short sword!
You die...

#...........#.#
#..##########.#
#..#.# #.# #....#
#.# ##.#.# #.#
...#.########.###
#.###.#.#<.........#
. #.#†############
#. #....o.o.oo@.#
###. #.#.########.#
.....#.#.########.#
.....#o#...o..o...#
.......############
..o##..# . #.)# #?.#
#..#


You could see an orc warrior, an orc priest and 2 orcs.

Vanquished Creatures
  Prince Ribbit (D:5)
  A hippogriff (D:3)
  Sigmund (D:4)
  3 centaurs (D:5)
  A scorpion (D:5)
  4 crimson imps
  6 orc wizards
  3 orc priests
  A centaur skeleton (D:5)
  Jessica (D:2)
  An iguana (D:5)
  Terence (D:3)
  A worker ant (D:4)
  Natasha (thrice) (D:2)
  10 adders
  A shadow imp (D:5)
  3 adder skeletons
  2 worms (D:2)
  7 leopard geckos
  18 orcs
  2 ball pythons
  9 bats
  9 giant cockroaches
  5 goblins
  4 hobgoblins
  9 jackals
  7 kobolds
  5 quokkas
  4 frilled lizards
  A jackal zombie (D:5)
  9 rats
133 creatures vanquished.

Notes
Turn   | Place    | Note
-------+----------+-------------------------------------------
     0 | D:1      | Infinimo the Gargoyle Ice Elementalist began the quest for
                  | the Orb.
     0 | D:1      | Reached XP level 1. HP: 10/10 MP: 3/3
   271 | D:1      | Reached XP level 2. HP: 11/16 MP: 0/5
   489 | D:1      | Reached skill level 1 in Fighting
   865 | D:1      | Reached XP level 3. HP: 12/20 MP: 6/6
  1250 | D:2      | Noticed Jessica
  1257 | D:2      | Killed Jessica
  1257 | D:2      | Reached XP level 4. HP: 26/26 MP: 2/7
  1585 | D:2      | Found a stormy altar of Qazlal.
  1587 | D:2      | Found a radiant altar of Vehumet.
  1675 | D:2      | Noticed Natasha
  1681 | D:2      | Killed Natasha
  1681 | D:2      | Reached skill level 5 in Ice Magic
  1728 | D:2      | Found an iron altar of Okawaru.
  1750 | D:2      | Found a burning altar of Makhleb.
  1751 | D:2      | Found a hide-covered altar of Uskayaw.
  1773 | D:2      | Found a snail-covered altar of Cheibriados.
  2072 | D:2      | Noticed Natasha
  2078 | D:2      | Killed Natasha
  2078 | D:2      | Reached XP level 5. HP: 15/30 MP: 4/9
  2159 | D:2      | Noticed Natasha
  2167 | D:2      | Killed Natasha
  2984 | D:3      | Noticed Terence
  2993 | D:3      | Killed Terence
  3074 | D:3      | Reached XP level 6. HP: 36/36 MP: 8/10
  3107 | D:3      | Found a faded altar of an unknown god.
  3359 | D:3      | Noticed a hippogriff
  3432 | D:3      | Learned a level 3 spell: Frozen Ramparts
  3483 | D:3      | Killed a hippogriff
  3483 | D:3      | Reached skill level 6 in Ice Magic
  3882 | D:4      | Reached XP level 7. HP: 41/41 MP: 7/12
  4045 | D:4      | You fall into a shaft and drop 1 floor!
  4045 | D:5      | Entered Level 5 of the Dungeon
  4369 | D:5      | Noticed Prince Ribbit
  4381 | D:5      | Reached skill level 7 in Ice Magic
  4895 | D:4      | Noticed Grinder
  5015 | D:4      | Reached XP level 8. HP: 41/48 MP: 7/14
  5421 | D:4      | Found a sacrificial altar of Ru.
  5667 | D:4      | Noticed Sigmund
  5776 | D:4      | Killed Sigmund
  5776 | D:4      | Reached skill level 5 in Fighting
  5999 | D:4      | Reached skill level 8 in Ice Magic
  6217 | D:5      | Found a shimmering altar of Xom.
  6313 | D:5      | Reached skill level 5 in Spellcasting
  6843 | D:5      | Killed Prince Ribbit
  7636 | D:6      | HP: 1/51 [orc priest/divine providence (8)]
  7649 | D:6      | Slain by an orc warrior

Illustrated notes

Levels and vault maps discovered:
D:1:      lightli_arrival_windingriver, layout_loops_ring, minmay_tromino_v4_b
D:2:      layout_basic, minitemple, gammafunk_temple_overflow_pools,
          serial_glass, glass_columns_b, glass_columns_b, glass_columns_a,
          glass_columns_a, glass_columns_c, uniq_natasha, uniq_jessica
D:3:      layout_basic, chequers_ecumenical_altar_island,
          minmay_divided_ellipse, uniq_terence
D:4:      layout_basic, nicolae_ru_awakened_eye, uniq_sigmund, uniq_grinder
D:5:      layout_loops_ring, led_xom_imps, chequers_serial_rivers_room_a,
          uniq_prince_ribbit1
D:6:      layout_basic, minivault_23, kennysheep_opposing_triangles

Skill      XL: |  1  2  3  4  5  6  7  8 |
---------------+-------------------------+-----
Fighting       | 1 2 3 4 5 |  5.8
Ice Magic      | 5 6 7 8 |  8.8
Spellcasting   | 3 4 5 |  5.3
Dodging        | |  1.5
Stealth        | |  2.1

Action                   |  1- 3 |  4- 6 |  7- 9 || total
-------------------------+-------+-------+-------++-------
Melee: Dagger            |    62 |    19 |    54 ||   135
       Scythe            |       |       |   116 ||   116
 Cast: Freeze            |    20 |    93 |    72 ||   185
       Frozen Ramparts   |       |     2 |    17 ||    19
  Use: Scroll            |       |       |     9 ||     9
       Potion            |       |       |     1 ||     1
 Stab: Sleeping          |       |     3 |       ||     3
Armor: Robe              |    14 |    35 |    91 ||   140
Dodge: Dodged            |    64 |    45 |   172 ||   281

Table legend:
 A = Non-vault XP
 B = Vault XP
 C = Vault XP percentage of total XP
 D = Non-vault monster count
 E = Vault monster count
 F = Vault count percentage of total count
                 A         B        C        D         E       F
            +---------+---------+-------+---------+---------+-------
      Total |    1261 |    1054 |  45.5 |     110 |      23 |  17.3
            +---------+---------+-------+---------+---------+-------
        D:1 |      30 |       4 |  11.8 |      15 |       2 |  11.8
        D:2 |     119 |      86 |  42.0 |      22 |       3 |  12.0
        D:3 |      74 |     294 |  79.9 |      16 |      12 |  42.9
        D:4 |     341 |     271 |  44.3 |      26 |       2 |   7.1
        D:5 |     653 |     399 |  37.9 |      29 |       4 |  12.1
        D:6 |      44 |       0 |   0.0 |       2 |       0 |   0.0
            +---------+---------+-------+---------+---------+-------
